 Dungeon Crawl Stone Soup version 0.23.0 (webtiles) character file.

Game seed: 2729310700438683209

14096 wolfsongas the Fighter (level 11, -1/105 HPs)
             Began as a Demonspawn Fighter on Feb 17, 2019.
             Was a High Priest of Lugonu.
             Slain by a brown ugly thing (5 damage)
             ... on level 12 of the Dungeon.
             The game lasted 00:21:33 (9537 turns).

wolfsongas the Fighter (Demonspawn Fighter)         Turns: 9537, Time: 00:21:34

Health: -1/105     AC: 20    Str: 23    XL:     11   Next: 84%
Magic:  0/11       EV:  7    Int: 10    God:    Lugonu [*****.]
Gold:   493        SH:  0    Dex: 12    Spells: 10/10 levels left

rFire    . . .     SeeInvis .   a - +2 dire flail (protect)
rCold    . . .     Gourm    .   (shield currently unavailable)
rNeg     . . .     Faith    .   q - +0 plate armour
rPois    .         Spirit   +   y - +2 helmet
rElec    .         Reflect  .   (no cloak)
rCorr    .         Harm     .   m - +0 pair of gloves
MR       .....                  (no boots)
Stlth    ..........             b - amulet of magic regeneration
HPRegen  0.27/turn              o - +3 ring of strength
MPRegen  0.37/turn              (no ring)

@: corroded, protection aura
A: hooves 1, rugged brown scales 3, spiny 2, magic shield
a: Depart the Abyss, Bend Space, Banish, Corrupt, Enter the Abyss, Renounce
Religion


You were on level 12 of the Dungeon.
You worshipped Lugonu.
Lugonu was extremely pleased with you.
You were not hungry.

You visited 1 branch of the dungeon, and saw 12 of its levels.

You collected 493 gold pieces.

Inventory:

Hand Weapons
 a - a +2 dire flail of protection (weapon)
 p - a +4 morningstar
Armour
 m - a +0 pair of gloves (worn)
 q - a +0 plate armour (worn)
 y - a +2 helmet (worn)
Jewellery
 b - an amulet of magic regeneration (around neck)
 o - a +3 ring of strength (left hand)
Wands
 c - a wand of paralysis (8)
 h - a wand of disintegration (15)
 l - a wand of iceblast (19)
 r - a wand of flame (14)
 v - a wand of polymorph (10)
Scrolls
 d - a scroll of amnesia
 k - a scroll of fog
 n - 4 scrolls of remove curse
 s - a scroll of teleportation
 t - 2 scrolls of magic mapping
Potions
 e - 6 potions of curing
 g - 4 potions of brilliance
 i - a potion of magic
 j - a potion of mutation {unknown}
 w - a potion of agility
Comestibles
 f - 11 rations


   Skills:
 + Level 13.9 Fighting
 * Level 10.1 Maces & Flails
 + Level 7.6 Armour
   Level 2.6 Shields


You had 10 spell levels left.
You didn't know any spells.
Your spell library contained the following spells:

 Spells                   Type           Power        Failure   Level  Hunger
 Mephitic Cloud           Conj/Pois/Air  #.......     100%        3    ####...
 Summon Ice Beast         Ice/Summ       #.......     100%        4    #####..
 Venom Bolt               Conj/Pois      #.........   100%        5    ######.
 Freezing Cloud           Conj/Ice/Air   #.........   100%        6    #######


Dungeon Overview and Level Annotations

Branches:
Dungeon (13/15)            Temple (0/1) D:6            Lair (0/6) D:9
    Orc: D:9-12      Vaults: D:13-14

Altars:
Kikubaaqudgha
Nemelex Xobeh
Okawaru
Lugonu

Shops:
D:7 (   D:9 ?


Innate Abilities, Weirdness & Mutations

You have large cloven feet.
You are completely covered in rugged brown scales. (AC +3, +7% HP)
You are mostly covered in sharp spines.
When hurt, damage is shared between your health and your magic reserves.


Message History

The brown ugly thing is struck by your spines.
The brown ugly thing barely misses you.
You hit the brown ugly thing. Your kick misses the brown ugly thing.
The brown ugly thing is heavily wounded.
The brown ugly thing bites you but does no damage.
Unknown command.
You puncture the brown ugly thing!
You kick the brown ugly thing, but do no damage.
The brown ugly thing is heavily wounded.
You barely miss the brown ugly thing.
The brown ugly thing is heavily wounded.
The brown ugly thing bites you.
* * * LOW HITPOINT WARNING * * *
You are splashed with acid!
* * * LOW HITPOINT WARNING * * *
Unknown command.
You barely miss the brown ugly thing. Your kick misses the brown ugly thing.
The brown ugly thing is heavily wounded.
The brown ugly thing bites you!
You die...

##########
#........#
#......†.+
#.......?#
#......@u#
+.....)..#
#....)..>#
#........#
#........#
##+#######


You could see a brown ugly thing.

Vanquished Creatures
  A hydra (D:10)
  4 two-headed ogres
  2 unseen horrors
  A cyclops (D:9)
  An ugly thing (D:10)
  A centaur skeleton (D:10)
  Psyche (D:7)
  A meliai (D:10)
  A hippogriff (D:9)
  A meliai zombie (D:10)
  A wyvern (D:12)
  9 yaks
  A basilisk (D:9)
  9 humans (D:7)
  2 hogs (D:7)
  3 hungry ghosts
  Edmund (D:7)
  A water moccasin (D:7)
  Duvessa (D:4)
  A black bear (D:7)
  An orc warrior (D:6)
  4 sky beasts
  An ogre (D:7)
  A phantom (D:8)
  3 centaurs
  A crocodile (D:9)
  5 bullfrogs
  A gnoll sergeant (D:9)
  Dowan (D:4)
  3 scorpions
  8 wights
  2 howler monkeys (D:9)
  4 crimson imps
  5 centaur zombies
  2 bullfrog zombies
  A quasit (D:10)
  9 orc priests
  5 hounds
  A bullfrog skeleton (D:10)
  3 jellies
  12 orc wizards
  An iguana (D:9)
  Jessica (D:3)
  10 worker ants
  A hound zombie (D:7)
  2 hound skeletons
  A howler monkey zombie (D:7)
  A howler monkey skeleton (D:7)
  4 gnolls (D:9)
  6 adders
  A shadow imp (D:7)
  4 adder skeletons
  A worm (D:2)
  3 dart slugs
  2 leopard geckos
  29 orcs
  7 bats
  5 giant cockroaches
  5 goblins
  7 hobgoblins
  11 jackals
  4 quokkas
  A ball python (D:2)
  2 frilled lizards (D:1)
  A giant cockroach zombie (D:5)
  7 kobolds
  A leopard gecko zombie (D:7)
  A quokka skeleton (D:4)
  2 quokka zombies (D:9)
  7 rats
244 creatures vanquished.

Vanquished Creatures (others)
  A human (D:5)
1 creature vanquished.

Grand Total: 245 creatures vanquished

Notes
Turn   | Place    | Note
-------+----------+-------------------------------------------
     0 | D:1      | wolfsongas the Demonspawn Fighter began the quest for the
                  | Orb.
     0 | D:1      | Reached XP level 1. HP: 18/18 MP: 1/1
    72 | D:1      | Gained mutation: You have large cloven feet. [demonic
                  | ancestry]
    72 | D:1      | Reached XP level 2. HP: 20/24 MP: 2/2
   288 | D:1      | Reached skill level 4 in Fighting
   387 | D:1      | Reached XP level 3. HP: 23/30 MP: 3/3
   673 | D:2      | Found an iron altar of Okawaru.
  1366 | D:3      | Found a faded altar of an unknown god.
  1373 | D:3      | Became a worshipper of Lugonu the Unformed
  1373 | D:3      | Reached * piety under Lugonu
  1373 | D:3      | Reached ** piety under Lugonu
  1703 | D:3      | Reached XP level 4. HP: 36/38 MP: 4/4
  1814 | D:3      | Found a sparkling altar of Nemelex Xobeh.
  1814 | D:3      | Noticed Jessica
  1818 | D:3      | Killed Jessica
  1818 | D:3      | Reached skill level 5 in Fighting
  2429 | D:4      | Gained mutation: You are partially covered in sharp spines.
                  | [demonic ancestry]
  2429 | D:4      | Reached XP level 5. HP: 44/46 MP: 5/5
  2485 | D:4      | Reached skill level 6 in Fighting
  2542 | D:4      | Noticed Duvessa
  2543 | D:4      | Noticed Dowan
  2552 | D:4      | Killed Duvessa
  2552 | D:4      | Gained mutation: You are partially covered in rugged brown
                  | scales. (AC +1, +3% HP) [demonic ancestry]
  2552 | D:4      | Reached XP level 6. HP: 31/54 MP: 6/6
  2553 | D:4      | Killed Dowan
  2553 | D:4      | Reached skill level 7 in Fighting
  3218 | D:5      | Entered Level 5 of the Dungeon
  3241 | D:5      | Reached skill level 8 in Fighting
  3254 | D:5      | Reached XP level 7. HP: 42/63 MP: 7/7
  3660 | D:5      | Reached skill level 9 in Fighting
  3706 | D:5      | Reached *** piety under Lugonu
  3779 | D:5      | Killed an unseen horror
  3779 | D:5      | Reached skill level 10 in Fighting
  3779 | D:5      | Gained mutation: You are mostly covered in rugged brown
                  | scales. (AC +2, +5% HP) [demonic ancestry]
  3779 | D:5      | Reached XP level 8. HP: 26/77 MP: 8/8
  4192 | D:5      | Found an ancient bone altar of Kikubaaqudgha.
  4247 | D:6      | Reached skill level 11 in Fighting
  4437 | D:6      | Found a staircase to the Ecumenical Temple.
  4479 | D:6      | Gained mutation: When hurt, damage is shared between your
                  | health and your magic reserves. [demonic ancestry]
  4479 | D:6      | Reached XP level 9. HP: 54/86 MP: 9/9
  4487 | D:6      | Reached skill level 12 in Fighting
  5333 | D:7      | Found a runed translucent door.
  5333 | D:7      | Found a runed translucent door.
  5389 | D:7      | Found a large runed translucent door.
  5389 | D:7      | Found a large runed translucent door.
  5395 | D:7      | Found a runed translucent door.
  5428 | D:7      | Noticed Psyche
  5440 | D:7      | Noticed Edmund
  5505 | D:7      | Reached skill level 5 in Maces & Flails
  5521 | D:7      | Gained mutation: You are completely covered in rugged brown
                  | scales. (AC +3, +7% HP) [demonic ancestry]
  5521 | D:7      | Reached XP level 10. HP: 85/97 MP: 7/10
  5529 | D:7      | Killed Edmund
  5841 | D:7      | Found a runed translucent door.
  5847 | D:7      | Killed Psyche
  5847 | D:7      | Reached **** piety under Lugonu
  5921 | D:7      | Found a runed translucent door.
  5924 | D:7      | Found a runed translucent door.
  5926 | D:7      | Found a runed translucent door.
  6085 | D:7      | Reached skill level 5 in Armour
  6143 | D:7      | Found a runed translucent door.
  6341 | D:7      | Found Geher's Antique Weapon Shop.
  6475 | D:7      | Reached skill level 13 in Fighting
  6692 | D:8      | Noticed a two-headed ogre
  6702 | D:8      | Killed a two-headed ogre
  6923 | D:8      | Found the +0 sword of Power
  7327 | D:9      | Found a staircase to the Lair.
  7341 | D:9      | Gained mutation: You are mostly covered in sharp spines.
                  | [demonic ancestry]
  7341 | D:9      | Reached XP level 11. HP: 75/104 MP: 9/11
  7569 | D:9      | Reached ***** piety under Lugonu
  7983 | D:9      | Found Zitrywn's Magic Scroll Shoppe.
  8212 | D:10     | Entered Level 10 of the Dungeon
  8252 | D:10     | Noticed a five-headed hydra
  8304 | D:10     | Killed a five-headed hydra
  8326 | D:10     | HP: 5/104 [poisoned by a meliai]
  8331 | D:10     | HP: 4/104 [poisoned by a meliai]
  8338 | D:10     | HP: 4/104 [poisoned by a meliai]
  8346 | D:10     | HP: 4/104 [poisoned by a meliai]
  8757 | D:10     | Noticed a white ugly thing
  8787 | D:10     | Killed a white ugly thing
  8811 | D:10     | Identified the Catalogue of Glacial Intoxication
  9128 | D:10     | Killed an unseen horror
  9297 | D:10     | Noticed a two-headed ogre
  9300 | D:10     | Noticed a two-headed ogre
  9305 | D:10     | Killed a two-headed ogre
  9310 | D:10     | Killed a two-headed ogre
  9370 | D:10     | You fall through a shaft for 3 floors!
  9373 | D:13     | Noticed a two-headed ogre
  9382 | D:13     | Noticed a brown ugly thing
  9388 | D:12     | Reached skill level 10 in Maces & Flails
  9532 | D:12     | Killed a two-headed ogre
  9536 | D:12     | HP: 4/105 [acid (5)]
  9537 | D:12     | Slain by a brown ugly thing

Skill      XL: |  1  2  3  4  5  6  7  8  9 10 11 |
---------------+----------------------------------+-----
Fighting       | 4 5 6 8 10 11 12 13 | 13.9
Maces & Flails | 5 8 10 | 10.1
Armour         | 4 6 7 |  7.6
Shields        | |  2.6

Action                   |  1- 3 |  4- 6 |  7- 9 | 10-12 || total
-------------------------+-------+-------+-------+-------++-------
Melee: Flail             |   213 |   117 |   232 |    76 ||   638
       Kick              |    32 |    26 |    68 |   113 ||   239
       Morningstar       |       |       |       |    48 ||    48
       Dire flail        |       |       |       |   206 ||   206
Invok: Bend Space        |       |       |       |     1 ||     1
  Use: Scroll            |     6 |     4 |     9 |     2 ||    21
       Potion            |       |       |     8 |     2 ||    10
  Eat: Ration            |     1 |     1 |     3 |     6 ||    11
       Chunk             |     1 |       |       |       ||     1
Armor: Scale mail        |   131 |    61 |   102 |       ||   294
       Plate armour      |       |       |    36 |   274 ||   310
       Skin              |       |       |    26 |       ||    26
Dodge: Dodged            |    73 |    44 |    54 |    78 ||   249
Block: Shield            |   116 |    68 |   136 |    48 ||   368
